 Dungeon Crawl Stone Soup version 0.28-a0-464-g0687ed57fd (webtiles) character file.

Game seed: 9243512525451478893

362 Morbidden the Slasher (level 6, 0/51 HPs)
             Began as a Demigod Fighter on Sept 14, 2021.
             Slain by Dowan (4 damage)
             ... on level 4 of the Dungeon.
             The game lasted 00:04:02 (3487 turns).

Morbidden the Slasher (Demigod Fighter)             Turns: 3487, Time: 00:04:03

Health: 0/51       AC: 12    Str: 20 (21) XL:     6   Next: 15%
Magic:  10/10      EV:  9    Int: 12 (14) God:
Gold:   229        SH:  4    Dex: 10 (13) Spells: 5/7 levels left

rFire   + + .      SeeInvis .   q - +2 morningstar (holy)
rCold   x . .      Faith    .   c - +0 buckler
rNeg    . . .      Spirit   .   f - +0 fire dragon scales
rPois   .          Reflect  .   (no helmet)
rElec   .          Harm     .   l - +0 cloak
rCorr   .          Rampage  .   g - +1 pair of gloves
Will    .....                   (no boots)
Stlth   ..........              (no amulet)
HPRegen 0.17/turn               (no ring)
MPRegen 0.12/turn               (no ring)

@: mighty, flying
A: high mp 1, forlorn
a: no special abilities


You were on level 4 of the Dungeon.
You visited 1 branch of the dungeon, and saw 4 of its levels.

You collected 229 gold pieces.

Inventory:

Hand Weapons
 a - a +0 long sword
 q - a +2 morningstar of holy wrath (weapon)
Armour
 c - a +0 buckler (worn)
 f - +0 fire dragon scales (worn)
 g - a +1 pair of gloves (worn)
 l - a +0 cloak (worn)
Magical Staves
 j - a staff of fire
Jewellery
 k - a ring of flight
Scrolls
 e - 4 scrolls of identify {unknown}
 h - a scroll of blinking {unknown}
 m - a scroll of magic mapping {unknown}
 n - 2 scrolls of enchant armour {unknown}
 o - 2 scrolls of teleportation {unknown}
 r - a scroll of vulnerability {unknown}
Potions
 i - 2 potions of degeneration


   Skills:
 * Level 3.5 Fighting
 * Level 4.0 Long Blades
 + Level 0.4 Maces & Flails
 + Level 3.5 Armour
 * Level 1.4 Dodging
 + Level 3.1 Shields
 * Level 1.0 Spellcasting
 * Level 1.1 Translocations


You had 5 spell levels left.
You knew the following spells:

 Your Spells              Type           Power      Damage    Failure   Level
a - Blink                 Tloc           N/A        N/A       73%         2

Your spell library contained the following spells:

 Spells                   Type           Power      Damage    Failure   Level
 Lesser Beckoning         Tloc           3%         N/A       91%         3
 Inner Flame              Hex/Fire       0%         N/A       98%         3
 Cause Fear               Hex            0%         N/A       100%        4
 Manifold Assault         Tloc           3%         N/A       100%        5
 Discord                  Hex            0%         N/A       100%        8


Dungeon Overview and Level Annotations

Branches:
Dungeon (4/15)
 Temple: D:4-7

Annotations:
D:4 Dowan


Innate Abilities, Weirdness & Mutations

Your attributes grow dramatically as you level up.
You have an increased reservoir of magic. (+10% MP)
You shall have no god before yourself.


Message History

Unknown command.
Unknown command.
You barely miss Dowan.
Dowan is moderately wounded.
Dowan hits you with a +0 dagger.
* * * LOW HITPOINT WARNING * * *
Dowan mumbles some strange words.
Dowan blinks!
Unknown command.
Unknown command.
Unknown command.
Unknown command.
Unknown command.
It was a potion of flight.
You feel very buoyant.
You fly up into the air.
Unknown command.
Okay, then.
It was a potion of magic.
Magic courses through your body. Dowan misses you.
Unknown command.
Unknown command.
You barely miss Dowan.
Dowan is moderately wounded.
You block Dowan's attack. Dowan gestures at you while chanting.
The stone arrow misses you.
Unknown command.
Unknown command.
Unknown command.
You closely miss Dowan.
Dowan is moderately wounded.
Dowan hits you but does no damage. You block Dowan's attack.
Dowan hits you with a +0 dagger.
* * * LOW HITPOINT WARNING * * *
Unknown command.
Unknown command.
You puncture Dowan!
Dowan is almost dead.
Dowan hits you with a +0 dagger.
You die...

#.# #.....# ##.#.# #.#
#.....# #..## #.#
#.....# ##...#
####.####.....####....#
#.......#...........>.#
#.##.##.##########....#
#.##.##.# #######.#.#
#.§.e##.# #.........#
#.#.#.#@# #.##.##.###
.e###e.#####.##.##..##.
....
##.........>.......
#.....
.######.##.#..≈..≈
.#... .. ###.##.#...§§≈
##. ... #..........§§.
.. #### #.####.#..§.§§
##.## #...[§≈§≈ #...#
###......


You could see Dowan (fast).

Vanquished Creatures
  Duvessa (D:4)
  A water moccasin skeleton (D:4)
  3 hounds (D:4)
  An orc wizard (D:4)
  Natasha (D:4)
  2 adders (D:2)
  A worm (D:3)
  7 orcs
  6 bats
  7 endoplasms
  4 goblins
  3 hobgoblins
  3 quokkas
  4 ball pythons
  A frilled lizard (D:2)
  4 kobolds
  3 rats (D:1)
52 creatures vanquished.

Notes
Turn   | Place    | Note
-------+----------+-------------------------------------------
     0 | D:1      | Morbidden the Demigod Fighter began the quest for the Orb.
     0 | D:1      | Reached XP level 1. HP: 18/18 MP: 3/3
  1019 | D:1      | Reached XP level 2. HP: 25/25 MP: 4/4
  1242 | D:1      | Reached skill level 2 in Long Blades
  1652 | D:2      | Reached XP level 3. HP: 26/31 MP: 5/5
  2176 | D:2      | Learned a level 2 spell: Blink
  2946 | D:4      | Reached skill level 3 in Long Blades
  2946 | D:4      | Reached XP level 4. HP: 28/38 MP: 7/7
  3100 | D:4      | Noticed Natasha
  3107 | D:4      | Killed Natasha
  3169 | D:4      | Reached skill level 1 in Dodging
  3178 | D:4      | Reached XP level 5. HP: 32/45 MP: 8/8
  3451 | D:4      | Noticed Duvessa
  3451 | D:4      | Noticed Dowan
  3457 | D:4      | Killed Duvessa
  3458 | D:4      | Reached skill level 4 in Long Blades
  3458 | D:4      | Reached skill level 1 in Spellcasting
  3458 | D:4      | Reached skill level 1 in Translocations
  3458 | D:4      | Reached XP level 6. HP: 42/51 MP: 8/10
  3487 | D:4      | Slain by Dowan

Illustrated notes

Levels and vault maps discovered:
D:1:      tarquinn_simple_flora_water_d, layout_loops_ring,
          ebering_ecumenical_altar_sacrificial
D:2:      layout_basic
D:3:      layout_loops_ring, jmf_multi_god_temple
D:4:      layout_loops_cross, nicolae_qazlal_scattered_showers,
          corexii_leaking_fountain, minivault_24, kennysheep_path_1,
          uniq_natasha, uniq_duvessa

Skill      XL: |  1  2  3  4  5 |
---------------+----------------+-----
Long Blades    | 2 3 4 |  4.0
Fighting       | 3 |  3.5
Armour         | 3 |  3.5
Shields        | 3 |  3.1
Dodging        | 1 |  1.4
Spellcasting   | 1 |  1.0
Translocations | 1 |  1.1
Maces & Flails | |  0.4

Action                   |  1- 3 |  4- 6 || total
-------------------------+-------+-------++-------
Melee: Long sword        |   119 |    29 ||   148
       Morningstar       |       |    45 ||    45
  Use: Potion            |       |     4 ||     4
Armor: Fire dragon scale |    87 |    57 ||   144
Dodge: Dodged            |    58 |    47 ||   105
Block: Buckler           |    30 |    24 ||    54

Table legend: (Time is in decaauts)
 A = Elapsed time spent in this place.
 B = Non-inter-level travel time spent in this place.
 C = Inter-level travel time spent in this place.
 D = Time resting spent in this place.
 E = Time spent auto-exploring this place.
 F = Levels seen in this place.
 G = Mean time per level.
                   A        B        C        D        E       F      G
               +--------+--------+--------+--------+--------+-----+--------+
         Total |   3554 |   3418 |    136 |    710 |   2156 |   4 |  888.5 |
       Dungeon |   3554 |   3418 |    136 |    710 |   2156 |   4 |  888.5 |
               +--------+--------+--------+--------+--------+-----+--------+

Top non-repeatable levels by time:
     D:1: 1420 daAuts
     D:2: 794 daAuts
     D:3: 734 daAuts
     D:4: 605 daAuts
